 Dungeon Crawl Stone Soup version 0.31-a0-210-gccc998df9b (webtiles) character file.

Game seed: 2817867546215324946

298 Dittersdorf the Trooper (level 6, -3/40 HPs)
             Began as a Gargoyle Fighter on June 29, 2023.
             Slain by an ogre
             ... wielding a +0 giant spiked club
              (13 damage)
             ... on level 4 of the Dungeon.
             The game lasted 00:04:29 (3338 turns).

Dittersdorf the Trooper (Gargoyle Fighter)          Turns: 3338, Time: 00:04:29

Health: -3/40      AC: 17    Str: 21    XL:     6   Next: 35%
Magic:  6/6        EV:  8    Int: 15    God:
Gold:   182        SH:  5    Dex:  9    Spells: 5/5 levels left

rFire   . . .        a - +0 flail
rCold   . . .        c - +1 buckler
rNeg    + . .        i - +0 chain mail
rPois   ∞            t - +2 helmet
rElec   +            (no cloak)
rCorr   .            (no gloves)
SInv    .            (no boots)
Will    .....        f - amulet of the Modern Heavens {Regen+ Slay+3} Stlth
                     q - +6 ring of intelligence
HPRegen 1.06/turn    (no ring)
MPRegen 0.10/turn

%: no passive effects
@: no status effects
A: sickness immunity, AC +4, negative energy resistance 1, electricity
resistance, torment resistance 1, petrification resistance
a: no special abilities


You were on level 4 of the Dungeon.
You visited 1 branch of the dungeon, and saw 4 of its levels.

You collected 182 gold pieces.

Inventory:

Hand Weapons
 a - a +0 flail (weapon)
Missiles
 g - 5 poisoned darts (quivered)
Armour
 c - a +1 buckler (worn)
 i - a +0 chain mail (worn)
 t - a +2 helmet (worn)
Jewellery
 f - the amulet of the Modern Heavens (around neck) {Regen+ Slay+3}
   (You acquired it on level 4 of the Dungeon)

   [amulet of regeneration]

   Slay:      It affects your accuracy & damage with ranged weapons and melee
   (+3).
   Regen:     It increases your rate of health regeneration.
 q - a +6 ring of intelligence (left hand)
 w - a ring of fire
Wands
 o - a wand of acid (3)
Potions
 d - 2 potions of might
 e - a potion of brilliance
 h - a potion of haste {unknown}
 j - a potion of degeneration {unknown}
 k - 3 potions of invisibility {unknown}
 l - 2 potions of lignification {unknown}
 n - a potion of resistance
 s - a potion of enlightenment
 u - 2 potions of curing


   Skills:
 + Level 4.8 Fighting
 + Level 3.6 Maces & Flails
 + Level 4.6 Armour
 + Level 4.6 Shields


You had 5 spell levels left.
You didn't know any spells.
Your spell library contained the following spells:

 Spells                   Type           Power      Damage    Failure   Level
 Summon Small Mammal      Summ           0%         N/A       91%         1
 Call Canine Familiar     Summ           0%         N/A       100%        3
 Summon Guardian Golem    Hex/Summ       0%         N/A       100%        3


Dungeon Overview and Level Annotations

Branches:
Dungeon (4/15)
 Temple: D:4-7

Altars:
Elyvilon
Hepliaklqana
Kikubaaqudgha
Ru


Innate Abilities, Weirdness & Mutations

You are immune to sickness and miasma.
Your stone body is resilient. (AC +4)
You are immune to poison.
You resist negative energy. (rN+)
You are resistant to electric shocks. (rElec)
You are resistant to unholy torment.
You are immune to petrification.


Message History

Found a short sword.
You see here a +0 short sword.
m - a scroll labelled MIRESOCVOO Blink to where?
Press: ? - help, Dir - move target, f - you Are you sure you want to cancel this blink?
Okay, then.
As you read the scroll labelled QORILA BAUREFF, it crumbles to dust.
It was a scroll of blinking.
As you read the scroll labelled MIRESOCVOO, it crumbles to dust.
You feel strangely unstable.
It was a scroll of teleportation.
Your surroundings suddenly seem different.
You now have 182 gold pieces (gained 7).
Found a pair of boots.
An ogre comes into view. It is wielding a +0 giant spiked club.
The ogre shouts!
Throw: 8 darts (poison)
Press: ? - help, Q - select action, (/) - cycle Shift-Dir - straight line, f - ogre
Aim: an ogre, wielding a +0 giant spiked club (75% to hit)
You throw a poisoned dart. The poisoned dart hits the ogre.
The ogre is poisoned.
Throw: 7 darts (poison)
Press: ? - help, Q - select action, (/) - cycle Shift-Dir - straight line, f/p - ogre
Aim: an ogre, wielding a +0 giant spiked club (poisoned, 75% to hit)
You throw a poisoned dart. The poisoned dart hits the ogre.
The ogre looks even sicker.
Throw: 6 darts (poison)
Press: ? - help, Q - select action, (/) - cycle Shift-Dir - straight line, f/p - ogre
Aim: an ogre, wielding a +0 giant spiked club (very poisoned, 75% to hit)
You throw a poisoned dart.
The poisoned dart barely misses the ogre.
You hit the ogre.
The ogre is moderately wounded.
The ogre hits you with a +0 giant spiked club!!
Ouch! That really hurt!
* * * LOW HITPOINT WARNING * * *
You thump the ogre!
The ogre is almost dead.
The ogre hits you with a +0 giant spiked club!
You die...

#.#### ..(.#
....# .(. .(. #.#
# #O# #
#########.##@##.#
#.......#.......#
#.......####.####
#.......# #.#
#.......# #.#
#.......# #.##
#.......# #..#
#.......# ##.#
#..#.#.## #.#


You could see an ogre (very poisoned).

Vanquished Creatures
  A black bear (D:3)
  An ogre (D:3)
  A jelly (D:3)
  4 gnolls
  3 dart slugs
  5 bats
  7 endoplasms
  3 giant cockroaches
  8 hobgoblins
  2 quokkas (D:2)
  11 ball pythons
  A frilled lizard (D:1)
  2 goblins
  6 kobolds
  5 rats
60 creatures vanquished.

Notes
Turn   | Place    | Note
-------+----------+-------------------------------------------
     0 | D:1      | Dittersdorf the Gargoyle Fighter began the quest for the
                  | Orb.
     0 | D:1      | Reached XP level 1. HP: 14/14 MP: 1/1
   145 | D:1      | Reached XP level 2. HP: 19/19 MP: 2/2
   148 | D:1      | Found a faded altar of an unknown god.
   869 | D:2      | Reached XP level 3. HP: 22/24 MP: 3/3
  1574 | D:3      | Noticed a black bear
  1583 | D:3      | Killed a black bear
  1584 | D:3      | Reached XP level 4. HP: 10/30 MP: 4/4
  1584 | D:3      | Reached XP level 5. HP: 11/34 MP: 5/5
  2527 | D:3      | Noticed an ogre
  2538 | D:3      | Killed an ogre
  2539 | D:3      | Reached XP level 6. HP: 15/39 MP: 6/6
  2945 | D:4      | Found an ancient bone altar of Kikubaaqudgha.
  2948 | D:4      | Found a white marble altar of Elyvilon.
  2948 | D:4      | Found a sacrificial altar of Ru.
  2956 | D:4      | Identified a scroll of acquirement
  2956 | D:4      | Acquired the amulet of the Modern Heavens {Regen+ Slay+3}
  2996 | D:4      | Found a hazy altar of Hepliaklqana.
  3338 | D:4      | Slain by an ogre

Illustrated notes

Levels and vault maps discovered:
D:1:      lightli_arrival_quake, layout_loops_ring,
          hellmonk_ecumenical_altar_arch_garden
D:2:      minmay_chambers_of_twos, layout_basic
D:3:      mumra_celtic_spiral_tile, layout_basic
D:4:      layout_loops_cross, mainiacjoe_overflow_alcove_2,
          grunt_temple_overflow_open, uniq_crazy_yiuf_cottage

Skill      XL: |  1  2  3 |
---------------+----------+-----
Fighting       | 4 |  4.8
Maces & Flails | 3 |  3.6
Armour         | 4 |  4.6
Shields        | 4 |  4.6

Action                     |  1- 3 |  4- 6 || total
---------------------------+-------+-------++-------
  Melee: Flail             |   110 |    69 ||   179
  Throw: Dart              |       |     3 ||     3
    Use: Scroll            |       |    12 ||    12
 Armour: Scale mail        |    69 |    28 ||    97
         Chain mail        |       |     4 ||     4
  Dodge: Dodged            |    40 |    37 ||    77
  Block: Buckler           |    20 |    18 ||    38

Table legend: (Time is in decaauts)
 A = Elapsed time spent in this place.
 B = Non-inter-level travel time spent in this place.
 C = Inter-level travel time spent in this place.
 D = Time resting spent in this place.
 E = Time spent auto-exploring this place.
 F = Levels seen in this place.
 G = Mean time per level.
                   A        B        C        D        E       F      G
               +--------+--------+--------+--------+--------+-----+--------+
         Total |   3393 |   3179 |    214 |    261 |   2387 |   4 |  848.2 |
       Dungeon |   3393 |   3179 |    214 |    261 |   2387 |   4 |  848.2 |
               +--------+--------+--------+--------+--------+-----+--------+

Top non-repeatable levels by time:
     D:3: 1208 daAuts
     D:2: 900 daAuts
     D:1: 774 daAuts
     D:4: 510 daAuts
